 Dungeon Crawl Stone Soup version 0.26.0-20-g3ca415f5b8 (webtiles) character file.

Game seed: 14815554029596591457

1007 Gauvater the Firebug (level 8, -5/48 HPs)
             Began as an Octopode Fire Elementalist on Jan 25, 2021.
             Killed from afar by a white imp (13 damage)
             ... with a puff of frost
             ... on level 5 of the Dungeon.
             The game lasted 00:26:19 (6971 turns).

Gauvater the Firebug (Octopode Fire Elementalist)   Turns: 6971, Time: 00:26:49

Health: -5/48      AC:  1    Str: 14    XL:     8   Next: 20%
Magic:  12/15      EV: 13    Int: 23    God:
Gold:   245        SH:  0    Dex: 12    Spells: 9/17 levels left

rFire    + . .     SeeInvis +   p - +0 short sword (vamp)
rCold    x . .     Faith    .   (no shield)
rNeg     . . .     Spirit   .   (helmet restricted)
rPois    .         Reflect  .   (no amulet)
rElec    .         Harm     .   g - +6 ring of strength
rCorr    .         Rampage  .   u - ring "Lumeusex" {Fire *Contam Will+ Int+4}
Will     +....                  y - ring of see invisible
Stlth    +++.......             (no ring)
HPRegen  0.16/turn              (no ring)
MPRegen  0.14/turn              (no ring)
                                (no ring)
                                (no ring)

@: marked
A: almost no armour, stealthy swim, amphibious, 8 rings, constrict 8, camouflage
1, gelatinous body 1
a: no special abilities


You were on level 5 of the Dungeon.
You visited 1 branch of the dungeon, and saw 7 of its levels.

You collected 245 gold pieces.

Inventory:

Hand Weapons
 p - a +0 vampiric short sword (weapon)
 r - a +0 dagger of speed
Missiles
 f - 41 arrows
 o - 3 poisoned darts
 t - 3 silver boomerangs (quivered)
Jewellery
 g - a +6 ring of strength (left tentacle)
 u - the ring "Lumeusex" (right tentacle) {Fire *Contam Will+ Int+4}
   (You found it on level 7 of the Dungeon)

   [ring of fire]

   It enhances your fire magic.
   It affects your intelligence (+4).
   It protects you from fire.
   It makes you vulnerable to cold.
   It affects your willpower, your defense against some magical effects.
   It causes magical contamination when unequipped.
 y - a ring of see invisible (on tentacle)
Scrolls
 b - 3 scrolls of magic mapping {unknown}
 c - 3 scrolls of enchant weapon {unknown}
 d - a scroll of amnesia {unknown}
 e - 3 scrolls of fear
 l - a scroll of remove curse
 n - a scroll of fog
 q - a scroll of blinking {unknown}
 s - 3 scrolls of teleportation {unknown}
 v - a scroll of immolation {unknown}
 z - a scroll of identify
Potions
 a - a potion of haste {unknown}
 h - a potion of brilliance
 i - a potion of lignification {unknown}
 j - 3 potions of curing {unknown}
 k - a potion of heal wounds
 m - 2 potions of mutation
 w - a potion of attraction {unknown}
 x - a potion of magic {unknown}


   Skills:
 + Level 1.6 Fighting
 + Level 1.4 Short Blades
 + Level 0.6 Throwing
 - Level 2.1 Dodging
 - Level 2.7 Stealth
 + Level 0.2 Unarmed Combat
 + Level 5.2 Spellcasting
 + Level 4.4 Conjurations
 + Level 6.0 Fire Magic


You had 9 spell levels left.
You knew the following spells:

 Your Spells              Type           Power        Failure   Level
a - Foxfire               Conj/Fire      100%         1%          1
b - Conjure Flame         Conj/Fire      45%          3%          3
c - Sticky Flame          Conj/Fire      45%          11%         4

Your spell library contained the following spells:

 Spells                   Type           Power        Failure   Level
 Inner Flame              Hex/Fire       29%          9%          3
 Fireball                 Conj/Fire      22%          30%         5


Dungeon Overview and Level Annotations

Branches:
Dungeon (7/15)
 Temple: D:4-7

Altars:
Dithmenos
Kikubaaqudgha
Qazlal
Sif Muna
Yredelemnul

Shops:
D:5 [


Innate Abilities, Weirdness & Mutations

You cannot wear most types of armour.
You are very stealthy in the water. (Stealth+)
You are amphibious.
You can wear up to eight rings at the same time.
You can use your tentacles to constrict eight enemies at once.
Your skin changes colour to match your surroundings (Stealth+).
Your rubbery body absorbs attacks. (AC +1, EV +1)


Message History

You kill the orc!
The white imp gestures at you. The puff of frost misses you.
Things that are here:
a +0 dagger; a +0 whip The white imp gestures at you.
The puff of frost hits you!
You feel a terrible chill! The white imp hits you.
* * * LOW HITPOINT WARNING * * *
The white imp freezes you.
You feel a terrible chill!
* * * LOW HITPOINT WARNING * * *
Things that are here:
a +0 dagger; a +0 whip You closely miss the white imp.
You grab the white imp. You squeeze the white imp.
The white imp is moderately wounded.
You constrict the white imp, but do no damage.
The white imp gestures at you. The puff of frost hits you!
You feel a terrible chill!
You die...

.#################
.#######.........#
.........#######)#
.######### #.# .#
#.# .# #.# .#
#.######## .#
#.5....... .#
#@######## .# #.#
.# #....# .#
#.##.# ## #.# #
#.# #.# #######
#.....#


You could see a white imp.

Vanquished Creatures
  A sky beast (D:5)
  A necrophage (D:5)
  An ogre (D:5)
  A howler monkey (D:4)
  2 jellies (D:5)
  7 orc priests
  4 orc wizards
  A bullfrog skeleton (D:5)
  An iguana (D:5)
  4 worker ants
  A hound skeleton (D:6)
  6 adders
  A howler monkey skeleton (D:4)
  A white imp (D:5)
  An ooze (D:3)
  An adder skeleton (D:4)
  A dart slug (D:1)
  2 leopard geckos
  13 orcs
  6 bats
  A giant cockroach (D:4)
  11 goblins
  6 hobgoblins
  8 jackals
  A ball python (D:3)
  5 frilled lizards
  8 kobolds
  A leopard gecko skeleton (D:4)
  A quokka skeleton (D:4)
  A quokka zombie (D:5)
  6 rats
105 creatures vanquished.

Vanquished Creatures (others)
  334 foxfires
334 creatures vanquished.

Grand Total: 439 creatures vanquished

Notes
Turn   | Place    | Note
-------+----------+-------------------------------------------
     0 | D:1      | Gauvater the Octopode Fire Elementalist began the quest for
                  | the Orb.
     0 | D:1      | Reached XP level 1. HP: 11/11 MP: 3/3
   143 | D:1      | Reached XP level 2. HP: 17/17 MP: 1/5
   471 | D:1      | Reached XP level 3. HP: 21/21 MP: 2/6
  1378 | D:2      | Reached skill level 4 in Fire Magic
  1378 | D:2      | Reached XP level 4. HP: 19/27 MP: 4/7
  2253 | D:3      | HP: 1/27 [orc/+0 trident (6)]
  2648 | D:3      | Reached XP level 5. HP: 32/32 MP: 3/9
  3339 | D:3      | Reached XP level 6. HP: 31/37 MP: 8/11
  4142 | D:4      | Reached skill level 5 in Fire Magic
  4284 | D:4      | Reached skill level 1 in Fighting
  4535 | D:4      | You fall into a shaft and drop 3 floors!
  4591 | D:7      | Noticed an orc warrior
  4661 | D:7      | Got a clouded iron ring
  4662 | D:7      | Identified the ring "Lumeusex" {Fire *Contam Will+ Int+4}
                  | (You found it on level 7 of the Dungeon)
  4672 | D:7      | Learned a level 4 spell: Sticky Flame
  4717 | D:5      | Entered Level 5 of the Dungeon
  4845 | D:4      | Reached XP level 7. HP: 30/43 MP: 7/13
  5287 | D:4      | Found an ancient bone altar of Kikubaaqudgha.
  5661 | D:5      | Learned a level 3 spell: Conjure Flame
  5888 | D:5      | Reached skill level 1 in Short Blades
  6026 | D:5      | Found Nuymatud's Antique Armour Shop.
  6037 | D:5      | Reached skill level 5 in Spellcasting
  6092 | D:5      | Found a stormy altar of Qazlal.
  6200 | D:5      | Reached XP level 8. HP: 33/48 MP: 13/15
  6560 | D:5      | Found a shadowy altar of Dithmenos.
  6560 | D:5      | Found a basalt altar of Yredelemnul.
  6822 | D:5      | Found a shimmering blue altar of Sif Muna.
  6964 | D:5      | Reached skill level 6 in Fire Magic
  6971 | D:5      | Killed from afar by a white imp

Illustrated notes

Levels and vault maps discovered:
D:1:      minmay_arrival_stair_chambers, layout_rooms, hex_tiny
D:2:      layout_basic, minivault_23
D:3:      layout_basic
D:4:      layout_basic, kiku_gazebo_pond_becter, serial_corexii_hall,
          corexii_hall_statues_x, chequers_hall_statues_corner_a, st_stairs_14,
          nicolae_zen_rock_garden, minmay_quadrilaterals
D:5:      layout_loops_ring, marbit_many_paths, kennysheep_little_box,
          grunt_temple_overflow_open, serial_shops, nicolae_shop_behind_doors,
          nicolae_qazlal_eye_of_the_storm
D:6:      layout_cave_pools, minmay_temple_entry_gardened_gates
D:7:      layout_basic, general_overflow_altar

Skill      XL: |  1  2  3  4  5  6  7  8 |
---------------+-------------------------+-----
Fire Magic     | 4 5 6 |  6.0
Spellcasting   | 3 4 5 |  5.2
Conjurations   | 2 3 4 |  4.4
Fighting       | 1 |  1.6
Short Blades   | 1 |  1.4
Throwing       | |  0.6
Dodging        | |  2.1
Stealth        | |  2.7
Unarmed Combat | |  0.2

Action                   |  1- 3 |  4- 6 |  7- 9 || total
-------------------------+-------+-------+-------++-------
Melee: Unarmed           |     3 |     7 |       ||    10
       Constrict         |     1 |     7 |    12 ||    20
       Tentacles         |       |     6 |     9 ||    15
       Short sword       |       |    13 |    41 ||    54
Throw: Dart              |       |     3 |     3 ||     6
 Cast: Foxfire           |    55 |   104 |    33 ||   192
       Conjure Flame     |       |       |     2 ||     2
  Use: Potion            |       |     1 |     2 ||     3
       Scroll            |       |     6 |       ||     6
 Stab: Sleeping          |       |     1 |     2 ||     3
Armor: Skin              |     1 |     4 |     3 ||     8
Dodge: Dodged            |    16 |    18 |    23 ||    57
